 Dungeon Crawl Stone Soup version 0.25-a0-1137-g7f6bfe439b (webtiles) character file.

Game seed: 13889934723218836974, levelgen mode: deterministic

369 vurker the Changer (level 6, -3/50 HPs)
             Began as a Draconian Transmuter on May 23, 2020.
             Slain by Crazy Yiuf
             ... wielding a +4 quarterstaff of chaos
              (7 damage)
             ... on level 3 of the Dungeon.
             The game lasted 00:05:30 (3421 turns).

vurker the Changer (Draconian Transmuter)           Turns: 3421, Time: 00:05:30

Health: -3/50      AC:  9    Str: 12    XL:     6   Next: 41%
Magic:  11/11      EV: 12    Int: 13    God:
Gold:   232        SH:  0    Dex: 14    Spells: 4/12 levels left

rFire    + . .     SeeInvis .     - Unarmed
rCold    . . .     Gourm    .   (no shield)
rNeg     . . .     Faith    .   (armour unavailable)
rPois    .         Spirit   .   (helmet restricted)
rElec    .         Reflect  .   (no cloak)
rCorr    .         Harm     .   j - +2 pair of gloves
MR       .....                  (no boots)
Stlth    +.........             (no amulet)
HPRegen  0.16/turn              n - ring of protection from fire
MPRegen  0.12/turn              (no ring)

@: appendage (expiring), lightly drained
A: unfitting armour, horns 2, cold-blooded, AC +6
a: End Transformation


You were on level 3 of the Dungeon.
You were not hungry.
You had grown temporary horns.
You visited 1 branch of the dungeon, and saw 3 of its levels.

You collected 232 gold pieces.

Inventory:

Missiles
 a - 106 arrows
Armour
 j - a +2 pair of gloves (worn)
   (You found it on level 1 of the Dungeon)
Jewellery
 n - a ring of protection from fire (left hand)
   (You found it on level 2 of the Dungeon)
 p - an uncursed ring of flight
   (You took it off an orc on level 3 of the Dungeon)
Wands
 c - a wand of disintegration (13)
   (You found it on level 3 of the Dungeon)
Scrolls
 g - 2 scrolls of immolation {unknown}
 h - 3 scrolls of fog {unknown}
 i - 2 scrolls of identify {unknown}
 k - 2 scrolls of remove curse {unknown}
 q - a scroll of fear {unknown}
 r - a scroll of noise {unknown}
Potions
 b - a potion of haste {unknown}
 d - 2 potions of heal wounds {unknown}
 f - 3 potions of curing
 l - a potion of cancellation {unknown}
 m - a potion of lignification {unknown}
 s - a potion of flight {unknown}
Comestibles
 e - 5 rations


   Skills:
 + Level 2.9(2.7) Fighting
 - Level 1.7(1.5) Dodging
 + Level 4.1(3.8) Unarmed Combat
 * Level 3.9(3.7) Spellcasting
 * Level 4.2(4.0) Transmutations


You had 4 spell levels left.
You knew the following spells:

 Your Spells              Type           Power        Failure   Level  Hunger
a - Beastly Appendage     Tmut           ##....       4%          1    #......
b - Blade Hands           Tmut           ##........   75%         5    ######.
q - Sticks to Snakes      Tmut           ##......     6%          2    ##.....

Your spell library contained the following spells:

 Spells                   Type           Power        Failure   Level  Hunger
 Corona                   Hex            #......      22%         1    #......
 Spider Form              Tmut/Pois      #.........   28%         3    ###....
 Ensorcelled Hibernation  Hex/Ice        #.....       32%         2    ##.....
 Confusing Touch          Hex            #.......     54%         3    ###....
 Dazzling Flash           Conj/Hex       #.....       54%         3    ###....
 Tukima's Dance           Hex            #.......     54%         3    ###....
 Ice Form                 Ice/Tmut       #.......     67%         4    #####..


Dungeon Overview and Level Annotations

Branches:
Dungeon (3/15)

Altars:
Ashenzari

Annotations:
D:3 Crazy Yiuf


Innate Abilities, Weirdness & Mutations

Your plain brown scales are hard. (AC +6)
You cannot fit into any form of body armour.
You are cold-blooded and may be slowed by cold attacks.
You have a pair of horns on your head.


Message History

You finish memorising.
Spell assigned to 'b'.
Adjust (i)tems, (s)pells, or (a)bilities?
Adjust which spell? b - Sticks to Snakes Adjust to which letter? q - Sticks to Snakes This spell is potentially lethal to cast!
Memorise Blade Hands, consuming 5 spell levels and leaving 4?
Crazy Yiuf laughs, "Mugger leg alas!"
You start memorising the spell.
You continue memorising.
Crazy Yiuf laughs, "Mountain!
You high action."
You continue memorising. x2
Crazy Yiuf laughs, "Shower infinity hand!"
You continue memorising.
Crazy Yiuf cries, "Goldfish tortoise green!"
You continue memorising.
You finish memorising.
Spell assigned to 'b'.
You grow a pair of large bovine horns.
Crazy Yiuf screams, "Tosser!
Fire sing-song Xom."
You open the door. You closely miss Crazy Yiuf.
Crazy Yiuf hits you but does no damage.
You feel drained.
You barely miss Crazy Yiuf.
Crazy Yiuf waves his quarterstaff at you.
Crazy Yiuf hits you with a +4 quarterstaff of chaos!
Space bends around you.
You hit Crazy Yiuf. Crazy Yiuf barely misses you.
You hit Crazy Yiuf. You closely miss Crazy Yiuf.
You tail-slap Crazy Yiuf, but do no damage.
Crazy Yiuf hits you with a +4 quarterstaff of chaos.
Crazy Yiuf burns you.
You closely miss Crazy Yiuf. You headbutt Crazy Yiuf.
You tail-slap Crazy Yiuf, but do no damage.
Your transformation is almost over.
Crazy Yiuf barely misses you.
You punch Crazy Yiuf!
Crazy Yiuf says, "Castle bag meccalolo!"
Crazy Yiuf hits you but does no damage.
You are electrocuted!!
* * * LOW HITPOINT WARNING * * *
Okay, then.
You closely miss Crazy Yiuf. Your headbutt misses Crazy Yiuf.
Crazy Yiuf hits you with a +4 quarterstaff of chaos!
* * * LOW HITPOINT WARNING * * *
Okay, then.
Aim: Crazy Yiuf, wielding a +4 quarterstaff of chaos and wearing a +1 cloak of preservation (heavily wounded, chance to defeat MR: 73%) Crazy Yiuf is blasted.
Crazy Yiuf hits you with a +4 quarterstaff of chaos!
You die...

.# #..#######.######..####...##.#
.###..#...#.....##...........##.#
......#.#.#.######.#.........##.#
#####(#.##### #######...#.##.#
#....# #..##.##.# ####..#.#######
#...#.##.# ......#.....#.### ###
#.#....#.# #####.....#P.#..##...#
#.###..#.# ....#.....PP####@g...#
#.#....#.# ###.#.#...P## ###..)#
#.######.# ......###### ###
#.######.# ....### #........#
....# #>######## ##### #.# #.#
#.# ########################.#


You could see Crazy Yiuf.

Vanquished Creatures
  Sigmund (D:3)
  An orc wizard (D:2)
  Natasha (thrice) (D:3)
  5 adders (D:3)
  An ooze (D:1)
  2 worms (D:2)
  2 dart slugs
  2 leopard geckos (D:2)
  4 orcs (D:3)
  6 bats
  2 giant cockroaches (D:3)
  3 goblins
  8 hobgoblins
  4 jackals (D:2)
  5 kobolds
  2 ball pythons (D:1)
  A ball python skeleton (D:3)
  2 frilled lizards
  7 rats
  A fungus (D:3)
62 creatures vanquished.

Notes
Turn   | Place    | Note
-------+----------+-------------------------------------------
     0 | D:1      | vurker the Draconian Transmuter began the quest for the
                  | Orb.
     0 | D:1      | Reached XP level 1. HP: 16/16 MP: 3/3
   137 | D:1      | Reached XP level 2. HP: 21/23 MP: 3/5
   895 | D:2      | Reached XP level 3. HP: 9/28 MP: 6/6
  1760 | D:3      | Noticed Natasha
  1773 | D:3      | Killed Natasha
  1773 | D:3      | Reached XP level 4. HP: 21/36 MP: 5/8
  2445 | D:3      | Noticed Natasha
  2452 | D:3      | Killed Natasha
  2452 | D:3      | Reached XP level 5. HP: 36/42 MP: 7/9
  2500 | D:3      | Found a shattered altar of Ashenzari.
  2803 | D:3      | Noticed Sigmund
  2814 | D:3      | Killed Sigmund
  2814 | D:3      | Reached XP level 6. HP: 32/50 MP: 8/11
  3072 | D:3      | Noticed Natasha
  3087 | D:3      | Killed Natasha
  3398 | D:3      | Found a runed translucent door.
  3399 | D:3      | Noticed Crazy Yiuf
  3405 | D:3      | Learned a level 2 spell: Sticks to Snakes
  3411 | D:3      | Learned a level 5 spell: Blade Hands
  3421 | D:3      | Slain by Crazy Yiuf

Illustrated notes

Levels and vault maps discovered:
D:1:      onia_arrival_handbag, layout_basic
D:2:      layout_basic, serial_glass, glass_columns_a, glass_columns_c,
          item_on_display_a, feat_on_display, item_on_display_a,
          feat_on_display, minivault_4
D:3:      layout_basic, cheibrodos_ashenzari_chains, uniq_sigmund,
          uniq_crazy_yiuf_cottage, uniq_natasha

Skill      XL: |  1  2  3  4  5 |
---------------+----------------+-----
Transmutations | 3 4 |  4.2
Fighting       | 2 |  2.9
Spellcasting   | 3 |  3.9
Unarmed Combat | 4 |  4.1
Dodging        | |  1.7

Action                   |  1- 3 |  4- 6 || total
-------------------------+-------+-------++-------
Melee: Unarmed           |   144 |   135 ||   279
       Tailslap          |    15 |    11 ||    26
       Kick              |     2 |    14 ||    16
       Headbutt          |     3 |     1 ||     4
       Punch             |     1 |     3 ||     4
 Cast: Beastly Appendage |     5 |     8 ||    13
Evoke: Wand              |       |     1 ||     1
  Use: Potion            |       |     1 ||     1
 Stab: Sleeping          |     3 |       ||     3
  Eat: Chunk             |     3 |     5 ||     8
Armor: Skin              |    57 |    34 ||    91
Dodge: Dodged            |    78 |    76 ||   154

Table legend:
 A = Non-vault XP
 B = Vault XP
 C = Vault XP percentage of total XP
 D = Non-vault monster count
 E = Vault monster count
 F = Vault count percentage of total count
                 A         B        C        D         E       F
            +---------+---------+-------+---------+---------+-------
      Total |     277 |     251 |  47.5 |      55 |       6 |   9.8
            +---------+---------+-------+---------+---------+-------
        D:1 |      29 |      10 |  25.6 |      16 |       4 |  20.0
        D:2 |      78 |       0 |   0.0 |      15 |       0 |   0.0
        D:3 |     170 |     241 |  58.6 |      24 |       2 |   7.7
            +---------+---------+-------+---------+---------+-------
